 Dungeon Crawl Stone Soup version 0.18-a0-1773-gec4f98e (webtiles) character file.

103 dwasdwasdwas the Sneak (level 5, -11/32 HPs)
             Began as a Kobold Assassin on Apr 14, 2016.
             Was an Initiate of Cheibriados.
             Mangled by dobroeutro's ghost (13 damage)
             ... on level 3 of the Dungeon.
             The game lasted 00:15:41 (2579 turns).

dwasdwasdwas the Sneak (Kobold Assassin)            Turns: 2579, Time: 00:15:42

Health: -11/32     AC:  3    Str: 10    XL:     5   Next: 6%
Magic:  5/5        EV: 16    Int: 10    God:    Cheibriados [......]
Gold:   71         SH:  0    Dex: 20    Spells: 0 memorised, 4 levels left

rFire  . . .     SeeInvis .     a - +3 dagger
rCold  . . .     Gourm    .     c - +0 robe
rNeg   . . .     Faith    .     (shield restricted)
rPois  .         Spirit   .     (no helmet)
rElec  .         Dismiss  .     d - +0 cloak
rCorr  .         Reflect  .     (no gloves)
SustAt .         Harm     .     (no boots)
MR     .....                    (no amulet)
Stlth  ++++......               (no ring)
                                (no ring)

@: lethally poisoned (-11 -> -14), very slow, not resistant to hostile
enchantments, stealthy
A: carnivore 3
a: Bend Time, Renounce Religion


You were on level 3 of the Dungeon.
You worshipped Cheibriados.
Cheibriados was noncommittal.
You were not hungry.

You visited 1 branch of the dungeon, and saw 4 of its levels.

You collected 71 gold pieces.

Inventory:

Hand Weapons
 a - a +3 dagger (weapon)
 b - a +0 blowgun
 l - a -3 short sword
Missiles
 e - 8 poisoned needles
 f - 2 curare-tipped needles
Armour
 c - a +0 robe (worn)
 d - a +0 cloak (worn)
Scrolls
 i - a scroll of identify
 j - 2 scrolls of fog
 m - a scroll of fear {unknown}
 p - a scroll of enchant weapon
 s - a scroll of amnesia {unknown}
Potions
 h - a potion of degeneration {unknown}
 k - a potion of agility
 q - a potion of curing {unknown}
Books
 o - Sif Muna's Volume of the Traveller
   (You found it on level 2 of the Dungeon)

   Spells                             Type                      Level
   a - Apportation                    Translocation                1
 r - a book of Enchantments

   Spells                             Type                      Level
   a - Cause Fear                     Hexes                        4
   b - Yara's Violent Unravelling     Hexes/Transmutation          5
   c - Silence                        Hexes/Air                    5
   d - Deflect Missiles               Charms/Air                   6
   e - Haste                          Charms                       6
   f - Discord                        Hexes                        8
Comestibles
 g - 3 meat rations
 n - a beef jerky


   Skills:
 + Level 3.1 Fighting
 + Level 3.8 Short Blades
 + Level 2.9 Throwing
 + Level 2.4 Dodging
 + Level 5.9 Stealth
 + Level 0.1 Spellcasting


You had 4 spell levels left.
You didn't know any spells.

Dungeon Overview and Level Annotations

Branches:
Dungeon (4/15)
 Temple: D:4-7

Altars:
Cheibriados
Kikubaaqudgha
Sif Muna
Vehumet

Annotations:
D:3 dobroeutro's ghost, amateur GrFi
D:4 Sigmund


Innate Abilities, Weirdness & Mutations

You are small and have problems with some larger weapons.
You are carnivorous and can eat meat at any time.


Message History

The adder closely misses you. The adder misses you.
The adder barely misses you. The adder barely misses you. The adder bites you.
* * * LOW HITPOINT WARNING * * *
You are lethally poisoned!
The adder poisons you!
* * * LOW HITPOINT WARNING * * *
You feel sick.
* * * LOW HITPOINT WARNING * * *
You feel sick. The adder closely misses you. The adder closely misses you.
* * * LOW HITPOINT WARNING * * *
You feel sick. Dobroeutro's ghost misses you. The adder bites you.
* * * LOW HITPOINT WARNING * * *
* * * LOW HITPOINT WARNING * * *
You feel sick. The adder misses you. Dobroeutro's ghost hits you!
You die...

...#.# ####...# #..# #..# ...#.#
..##...# #..# ####...
.#.#.######.##...# #..###.##..#
.#.#.#...##.##...#####..##......#
.#.#.#.#.##.##...#..............#
#......#.##.##..........###.##..#
.#.#####.##.###.S#.####.# #.##...
##.#####.##.###..W...##.# #.##.##
.............###@....##.###.##.#
##..........................##.##
##..####..>..###....##########...
....# #..#####....## #### ....#
#........#..#
....#####.#####....#
#................#.#
###................#
#########.##########


You could see dobroeutro's ghost and an adder.

Vanquished Creatures
  A worker ant (D:4)
  2 adders (D:3)
  An ooze (D:1)
  2 worms (D:2)
  A dart slug (D:1)
  A ball python (D:1)
  A giant cockroach (D:1)
  7 goblins
  4 hobgoblins
  5 jackals
  7 kobolds
  2 quokkas
  8 bats
  4 giant newts
  3 rats
49 creatures vanquished.

Notes
Turn   | Place    | Note
--------------------------------------------------------------
     0 | D:1      | dwasdwasdwas the Kobold Assassin began the quest for the Orb.
     0 | D:1      | Reached XP level 1. HP: 12/12 MP: 1/1
   298 | D:1      | Reached XP level 2. HP: 13/18 MP: 2/2
   588 | D:1      | Reached XP level 3. HP: 22/22 MP: 3/3
  1100 | D:2      | Found an ancient bone altar of Kikubaaqudgha.
  1107 | D:2      | Found a deep blue altar of Sif Muna.
  1108 | D:2      | Found a radiant altar of Vehumet.
  1129 | D:2      | Identified Sif Muna's Volume of the Traveller
  1765 | D:3      | Reached XP level 4. HP: 27/27 MP: 4/4
  2059 | D:3      | Found a snail-covered altar of Cheibriados.
  2067 | D:3      | Became a worshipper of Cheibriados the Contemplative
  2102 | D:3      | Noticed dobroeutro's ghost (amateur GrFi)
  2164 | D:3      | HP: 1/28 [dobroeutro's ghost (2)]
  2466 | D:4      | Reached XP level 5. HP: 32/32 MP: 5/5
  2472 | D:4      | Noticed Sigmund
  2578 | D:3      | HP: 1/32 [poisoned by an adder]
  2579 | D:3      | Mangled by dobroeutro's ghost

Vault maps used:
D:1:      minmay_arrival_hallway
D:2:      grunt_temple_overflow_magic_moments
D:3:      old_standard_altar, wad_rectangle_vault, uniq_grinder
D:4:      minmay_overflow_temple_star_quad, grunt_temple_overflow_cloverleaf,
          first_bread, uniq_sigmund

Skill      XL: |  1  2  3  4 |
---------------+-------------+-----
Short Blades   | 3 |  3.8
Dodging        | 2 |  2.4
Fighting       | 3 |  3.1
Throwing       | |  2.9
Stealth        | |  5.9
Spellcasting   | |  0.1

Action                   |  1- 3 |  4- 6 || total
-------------------------+-------+-------++-------
Melee: Dagger            |    63 |    31 ||    94
       Short sword       |    64 |       ||    64
Invok: Bend Time         |       |     2 ||     2
  Use: Scroll            |     6 |       ||     6
 Stab: Sleeping          |    10 |     7 ||    17
       Distracted        |     1 |       ||     1
  Eat: Chunk             |     7 |     2 ||     9
Armor: Robe              |    31 |     6 ||    37
Dodge: Dodged            |   108 |    45 ||   153
